 Dungeon Crawl Stone Soup version 0.30.1-11-g7821555f0a (webtiles) character file.

Game seed: 17171264487287814449

229008 eliilek the Executioner (level 18, -11/178 HPs)
             Began as a Minotaur Fighter on Oct 29, 2023.
             Was a High Priest of Trog.
             Mangled by an azure jelly (18 damage)
             ... on level 4 of the Pits of Slime on Oct 30, 2023.
             The game lasted 01:49:49 (27397 turns).

eliilek the Executioner (Minotaur Fighter)         Turns: 27397, Time: 01:49:49

Health: -11/178    AC: 17    Str: 29    XL:     18   Next: 29%
Magic:  17/17      EV: 13    Int:  5    God:    Trog [*****.]
Gold:   1452       SH: 20    Dex: 13    Spells: 17/17 levels left

rFire   + + .        a - +6 broad axe of Miomn {heavy, rN++}
rCold   + . .        T - +2 tower shield {AC+3}
rNeg    + + +        K - +6 scale mail of Abstinence {rElec rN+}
rPois   +            E - +2 hat {Will+}
rElec   +            C - +2 cloak {Stlth+}
rCorr   +            i - +2 pair of gloves
SInv    +            G - +2 pair of boots of Joy {Drain rPois rF+}
Will    +++..        N - amulet "Olaturgh" {rF++ Regen+ Str-3 SInv}
Stlth   +            e - ring "Mefiumaq" {rElec rF- rCorr Str+6}
HPRegen 1.29/turn    O - ring of willpower
MPRegen 0.15/turn

%: no passive effects
@: corroded
A: horns 2, retaliatory headbutt, cold resistance 1, no potion heal 1
}: 2/15 runes: serpentine, barnacled
a: Renounce Religion, Berserk, Trog's Hand, Brothers in Arms


You were on level 4 of the Pits of Slime.
You worshipped Trog.
Trog was extremely pleased with you.
You visited 6 branches of the dungeon, and saw 32 of its levels.
You also visited: Sewer, Ossuary and Gauntlet.

You collected 2957 gold pieces.
You spent 1505 gold pieces at shops.

Inventory:

Hand Weapons
 a - the +6 broad axe of Miomn (weapon) {heavy, rN++}
   (Trog gifted it to you on level 1 of the Shoals)

   rN:        It greatly protects you from negative energy.
 b - a +6 vampiric dire flail
Missiles
 k - a boomerang of dispersal
 l - 6 curare-tipped darts
 w - 15 poisoned darts (quivered)
 Q - 3 atropa-tipped darts
Armour
 i - a +2 pair of gloves (worn)
 m - a +2 chain mail of fire resistance
 C - a +2 cloak of stealth (worn)
 E - a +2 hat of willpower (worn)
 G - the +2 pair of boots of Joy (worn) {Drain rPois rF+}
   (You found it on level 11 of the Dungeon)

   rF:        It protects you from fire.
   rPois:     It protects you from poison.
   Drain:     It drains your maximum health when unequipped.
 K - the +6 scale mail of Abstinence (worn) {rElec rN+}
   (You found it on level 12 of the Dungeon)

   rElec:     It insulates you from electricity.
   rN:        It protects you from negative energy.
 L - a +2 hat of see invisible
 T - a +2 tower shield of protection (worn)
Jewellery
 c - a ring of positive energy
 e - the ring "Mefiumaq" (left hand) {rElec rF- rCorr Str+6}
   (You found it in a Gauntlet)

   [ring of strength]

   Str:       It affects your strength (+6).
   rF:        It makes you vulnerable to fire.
   rElec:     It insulates you from electricity.
   rCorr:     It protects you from acid and corrosion.
 D - a ring of flight
 N - the amulet "Olaturgh" (around neck) {rF++ Regen+ Str-3 SInv}
   (You found it on level 5 of the Dungeon)

   [amulet of regeneration]

   Str:       It affects your strength (-3).
   rF:        It greatly protects you from fire.
   SInv:      It lets you see invisible.
   Regen:     It increases your rate of health regeneration.
 O - a ring of willpower (right hand)
Wands
 r - a wand of roots (34)
 u - a wand of mindburst (22)
 y - a wand of acid (24)
 J - a wand of charming (17)
 M - a wand of flame (54)
 U - a wand of polymorph (5)
Scrolls
 g - 5 scrolls of fog
 h - 12 scrolls of identify
 p - a scroll of acquirement
 q - 17 scrolls of teleportation
 t - 6 scrolls of blinking
 x - 4 scrolls of fear
 A - a scroll of brand weapon
 H - 2 scrolls of poison
 I - 3 scrolls of enchant weapon
 R - a scroll of butterflies
Potions
 d - 4 potions of might
 f - 6 potions of curing
 j - 5 potions of haste
 n - 2 potions of berserk rage
 o - 3 potions of heal wounds
 s - 6 potions of mutation
 z - 7 potions of flight
 B - 4 potions of cancellation
 F - 2 potions of invisibility
 P - 2 potions of resistance
 S - a potion of ambrosia


   Skills:
 + Level 19.9 Fighting
 * Level 23.7 Axes
 - Level 2.4(15.9) Maces & Flails
 + Level 19.3 Armour
 - Level 8.0 Dodging
 + Level 15.2 Shields


You had 17 spell levels left.
You didn't know any spells.
Your spell library was empty.

Dungeon Overview and Level Annotations

Branches:
Dungeon (12/15)            Temple (0/1) D:6            Lair (5/5) D:9
 Shoals (4/4) Lair:3        Snake (4/4) Lair:3        Slime (5/5) Lair:5
    Orc (2/2) D:12            Elf (0/3) Orc:2         Sewer (visited)
Ossuary (visited)         Gauntlet (visited)

Altars:
Ashenzari
Dithmenos
Elyvilon
Fedhas
Kikubaaqudgha
Makhleb
Okawaru
Qazlal
Ru
Sif Muna
Trog
Uskayaw
Vehumet
The Shining One
Jiyva

Shops:
Orc:2 =[[?   Snake:1 ?[

Annotations:
Slime:5 Royal Jelly


Innate Abilities, Weirdness & Mutations

You have a pair of horns on your head.
You reflexively headbutt those who attack you in melee.
Your flesh is cold resistant. (rC+)
Potions are less effective at restoring your health.


Message History

The splash of acid misses you.
The splash of acid hits the rockslime but does no damage.
You block the rockslime's attack. You block the azure jelly's attack.
The azure jelly hits you.
* * * LOW HITPOINT WARNING * * *
The azure jelly freezes you! You resist.
* * * LOW HITPOINT WARNING * * *
You block the azure jelly's attack. x2
The acid blob hits you but does no damage.
The acid blob closely misses you. You furiously retaliate!
You headbutt the acid blob! The acid blob spits acid at you.
The splash of acid hits you! You resist.
* * * LOW HITPOINT WARNING * * *
The acid corrodes you! The rockslime barely misses you.
You climb upwards.
There is a stone staircase leading down, spattered with blood here.
Unknown command.
Unknown command.
Your system partially rejects the healing.
You feel better. The azure jelly misses you.
You block the azure jelly's attack.
The azure jelly hits you but does no damage. x2
The acid blob spits acid at you. The splash of acid hits you! You resist.
* * * LOW HITPOINT WARNING * * *
The acid corrodes you! The acid blob closely misses you.
The acid blob spits acid at you. The splash of acid hits you. You resist.
* * * LOW HITPOINT WARNING * * *
The rockslime hits you!
* * * LOW HITPOINT WARNING * * *
You hold your ground!
The great orb of eyes bites you.
* * * LOW HITPOINT WARNING * * *
Your system partially rejects the healing.
You feel much better. You block the azure jelly's attack.
The azure jelly hits you!
* * * LOW HITPOINT WARNING * * *
The azure jelly freezes you!! You resist.
You die...

###.......##.#....##.####...##~##
#...........#...#...##....#...#
#.......##.##.............#...#
#........####....<.......######
###..........#............## ###
#...................#.....# ##.##
....<..............##....## #...#
#.#........#.#.JJJ...#...#####.##
####.#.........J@G........##.#..#
# ##..........J.................
##.......................#..#
##.#.........#.##.#.........
#...............#.#.........
#...........................
##..#.....#.......#.........
#####.....#.#...##....##...
##...#####.####....##..


You could see 3 acid blobs, an azure jelly, a great orb of eyes (very poisoned)
and a rockslime.

Vanquished Creatures
  Mara (Snake:4)
  10 acid blobs
  2 sphinxes (Shoals:4)
  Gastronok (D:9)
  4 rockslimes
  8 azure jellies
  5 quicksilver oozes
  3 minotaurs
  2 merfolk javelineers
  5 merfolk impalers
  2 great orbs of eyes
  Erolcha (D:12)
  2 hydras
  3 merfolk avatars
  The ghost of Zalbag the Thaumaturge, a journeyman DjFE of Jiyva (Lair:1)
  2 salamander tyrants (Snake:4)
  An alligator snapping turtle (Shoals:3)
  7 anacondas
  Erica (Lair:1)
  A centaur warrior (D:12)
  3 merfolk aquamancers
  4 two-headed ogres
  13 satyrs
  11 naga warriors
  6 death yaks (Lair:4)
  5 shock serpents
  8 naga sharpshooters
  Sonja (D:12)
  A skyshark (Lair:5)
  3 salamander mystics (Snake:4)
  5 naga ritualists
  4 sea snakes
  4 orc knights (Orc:2)
  A wizard (Gauntlet)
  A lindwurm (Lair:5)
  6 mana vipers
  26 harpies
  13 fauns
  2 shining eyes
  2 wolf spiders (Lair:5)
  2 ugly things
  An orc sorcerer (Orc:2)
  2 cyclopes
  13 salamanders
  Maurice (D:9)
  11 naga magi
  64 slime creatures
  5 merfolk sirens
  3 guardian serpents
  15 manticores
  31 black mambas
  11 elephants
  10 water nymphs
  A large abomination (Gauntlet)
  2 unseen horrors (D:12)
  Maggie (D:7)
  13 cane toads
  13 komodo dragons
  5 trolls
  22 merfolk
  4 polar bears
  A wind drake (Shoals:4)
  2 hornets (Lair:5)
  5 snapping turtles
  14 dream sheep
  9 blink frogs
  3 shadows
  4 wraiths
  6 small abominations (Gauntlet)
  11 water elementals
  10 wyverns
  64 yaks
  6 basilisks
  10 golden eyes
  2 redbacks (Lair:5)
  A steam dragon (D:9)
  An acid dragon (D:12)
  2 wargs
  25 nagas
  26 water moccasins
  2 sky beasts
  6 black bears
  33 orc warriors
  An ice beast (D:5)
  12 wolves
  10 centaurs
  5 ogres
  3 phantoms
  A kobold brigand (D:8)
  An elf zombie (Ossuary)
  11 bullfrogs
  3 scorpions
  4 wights (D:8)
  A troll zombie (D:12)
  7 killer bees
  2 electric eels (D:9)
  10 howler monkeys
  10 hounds
  A centaur zombie (Ossuary)
  2 jellies (D:5)
  16 orc priests
  3 human zombies (Ossuary)
  A gnoll bouda (Orc:1)
  9 hell rats
  3 iguanas
  18 orc wizards
  A sickly merfolk siren (Sewer)
  A malarious merfolk avatar (Sewer)
  5 ogre zombies (D:12)
  2 hound zombies (Ossuary)
  3 mummies (Ossuary)
  12 gnolls
  2 river rats (D:6)
  7 adders
  3 shadow imps
  2 white imps
  2 ufetubi (D:5)
  4 adder zombies (Ossuary)
  A worm (D:2)
  77 orcs
  14 ball pythons
  3 bat skeletons (D:6)
  2 bat zombies (D:6)
  8 endoplasms
  8 giant cockroaches
  2 gnoll zombies (Ossuary)
  5 goblins
  8 hobgoblins
  4 jackals (D:1)
  17 kobolds
  5 quokkas
  6 bats
  4 frilled lizards
  2 goblin skeletons (D:12)
  3 goblin zombies (Ossuary)
  3 hobgoblin skeletons (D:12)
  5 hobgoblin zombies
  3 jackal zombies (Ossuary)
  3 kobold zombies (Ossuary)
  An orc skeleton (D:12)
  12 orc zombies (D:12)
  4 quokka zombies (Ossuary)
  26 rats
  3 rat zombies (Ossuary)
1061 creatures vanquished.

Vanquished Creatures (collateral kills)
  2 acid blobs (Slime:2)
  3 nagarajas (Snake:4)
  Ilsuiw (Shoals:3)
  A ghost crab (Gauntlet)
  A catoblepas (Shoals:2)
  3 satyrs (Shoals:4)
  2 naga warriors (Snake:4)
  A shining eye (Slime:2)
  A salamander (Snake:4)
  A merfolk siren (Shoals:3)
  2 naga magi (Snake:4)
  A wind drake (Shoals:4)
  9 slime creatures
  3 nagas (Snake:4)
31 creatures vanquished.

Vanquished Creatures (others)
  A wizard (Gauntlet)
  A harpy (Shoals:4)
  A naga (Snake:4)
  A white imp (Gauntlet)
  An endoplasm (D:3)
5 creatures vanquished.

Grand Total: 1097 creatures vanquished

Notes
Turn   | Place    | Note
-------+----------+-------------------------------------------
     0 | D:1      | eliilek the Minotaur Fighter began the quest for the Orb.
     0 | D:1      | Reached XP level 1. HP: 19/19 MP: 0/0
   156 | D:1      | Reached XP level 2. HP: 27/27 MP: 1/1
   969 | D:2      | Reached XP level 3. HP: 33/33 MP: 2/2
  1238 | D:2      | Identified the +10 war axe of Vutusoc {venom, Dex+4}
  1268 | D:2      | Reached skill level 1 in Axes
  1423 | D:3      | Reached skill level 2 in Axes
  1423 | D:3      | Reached XP level 4. HP: 26/41 MP: 3/3
  1428 | D:3      | Reached skill level 3 in Axes
  1503 | D:3      | Reached XP level 5. HP: 47/47 MP: 4/4
  1531 | D:3      | Found a white marble altar of Elyvilon.
  1980 | D:3      | Reached skill level 5 in Fighting
  1980 | D:3      | Reached skill level 4 in Axes
  2084 | D:4      | Found a bloodstained altar of Trog.
  2087 | D:4      | Became a worshipper of Trog the Wrathful
  2174 | D:4      | Reached XP level 6. HP: 56/56 MP: 5/5
  2195 | D:4      | Reached skill level 5 in Axes
  2400 | D:4      | Reached skill level 6 in Axes
  2400 | D:4      | Reached XP level 7. HP: 63/63 MP: 6/6
  2588 | D:4      | Found a shadowy altar of Dithmenos.
  2759 | D:5      | Entered Level 5 of the Dungeon
  2762 | D:5      | Reached skill level 7 in Axes
  2783 | D:5      | Found a sand-covered staircase.
  2793 | Ossuary  | Entered an ossuary
  2830 | Ossuary  | Reached * piety under Trog
  2981 | Ossuary  | Reached skill level 8 in Axes
  3032 | D:5      | Reached XP level 8. HP: 73/73 MP: 7/7
  3091 | D:5      | Found a stormy altar of Qazlal.
  3151 | D:5      | Identified the amulet "Olaturgh" {rF++ Regen+ Str-3 SInv}
  3186 | D:5      | Reached skill level 9 in Axes
  3206 | D:5      | Reached ** piety under Trog
  3629 | D:6      | Found a hide-covered altar of Uskayaw.
  3629 | D:6      | Noticed a +0 dagger
  3629 | D:6      | Noticed a +0 spear
  3630 | D:6      | Noticed a +0 spear
  3630 | D:6      | Noticed a +0 falchion
  3630 | D:6      | Noticed a +0 falchion
  3630 | D:6      | Noticed a +0 short sword
  3636 | D:6      | Noticed a +0 short sword
  3636 | D:6      | Noticed a +0 dagger
  3738 | D:6      | Found a staircase to the Ecumenical Temple.
  3902 | D:6      | Found a glowing drain.
  3906 | Sewer    | Entered a sewer
  3990 | Sewer    | Reached skill level 10 in Axes
  4038 | Sewer    | Reached *** piety under Trog
  4434 | D:6      | Found an ancient bone altar of Kikubaaqudgha.
  4915 | D:7      | Noticed Maggie
  4924 | D:7      | Killed Maggie
  4925 | D:7      | Reached skill level 11 in Axes
  4925 | D:7      | Reached XP level 9. HP: 82/82 MP: 8/8
  5287 | D:7      | Reached skill level 5 in Armour
  5566 | D:7      | Found an iron altar of Okawaru.
  5831 | D:7      | Reached **** piety under Trog
  5926 | D:7      | Found a blossoming altar of Fedhas.
  6104 | D:8      | Reached skill level 12 in Axes
  6349 | D:8      | Noticed a two-headed ogre
  6356 | D:8      | Killed a two-headed ogre
  6357 | D:8      | Reached skill level 10 in Fighting
  6357 | D:8      | Reached XP level 10. HP: 52/93 MP: 9/9
  6544 | D:8      | Reached skill level 13 in Axes
  6938 | D:9      | Noticed Maurice
  6960 | D:9      | Killed Maurice
  6972 | D:9      | Noticed a two-headed ogre
  6979 | D:9      | Killed a two-headed ogre
  7049 | D:9      | Reached ***** piety under Trog
  7080 | D:9      | Found a glowing golden altar of the Shining One.
  7097 | D:9      | Reached skill level 14 in Axes
  7143 | D:9      | Noticed Gastronok
  7239 | D:9      | Killed Gastronok
  7240 | D:9      | Reached XP level 11. HP: 63/102 MP: 10/10
  7355 | D:9      | Found a staircase to the Lair.
  7357 | D:9      | Reached skill level 15 in Axes
  7402 | D:9      | Found a radiant altar of Vehumet.
  7725 | D:9      | Found a shimmering blue altar of Sif Muna.
  7840 | Lair:1   | Entered Level 1 of the Lair of Beasts
  7886 | Lair:1   | Identified the +3 leather armour of the Nexus {rF++ rN+}
  7938 | Lair:1   | Found a runed translucent door.
  7941 | Lair:1   | Noticed Zalbag's ghost (journeyman DjFE)
  7989 | Lair:1   | Received a gift from Trog
  8160 | Lair:1   | Reached skill level 10 in Armour
  8202 | Lair:1   | Noticed Erica
  8214 | Lair:1   | Killed Erica
  8344 | Lair:1   | Killed Zalbag's ghost
  8345 | Lair:1   | Reached skill level 5 in Shields
  8776 | Lair:2   | Noticed a four-headed hydra
  8784 | Lair:2   | Killed a four-headed hydra
  8785 | Lair:2   | Reached XP level 12. HP: 102/113 MP: 11/11
  9086 | Lair:3   | Found a staircase to the Shoals.
  9114 | Lair:3   | Found a staircase to the Snake Pit.
  9999 | Lair:4   | Found a gate leading to a gauntlet.
 10007 | Gauntlet | Entered a Gauntlet
 10007 | Gauntlet | Found a transporter.
 10007 | Gauntlet | Found a transporter.
 10012 | Gauntlet | Found a transporter.
 10027 | Gauntlet | Found a transporter.
 10043 | Gauntlet | Found a transporter.
 10056 | Gauntlet | Found a transporter.
 10062 | Gauntlet | Noticed a hell beast
 10072 | Gauntlet | Found a transporter.
 10143 | Gauntlet | Found a transporter.
 10154 | Gauntlet | Found a transporter.
 10172 | Gauntlet | Found a transporter.
 10184 | Gauntlet | Found a transporter.
 10186 | Gauntlet | Found a large runed translucent door.
 10186 | Gauntlet | Found a large runed translucent door.
 10187 | Gauntlet | Found a large runed translucent door.
 10187 | Gauntlet | Found a large runed translucent door.
 10188 | Gauntlet | Found a large runed translucent door.
 10188 | Gauntlet | Found a large runed translucent door.
 10188 | Gauntlet | Found a runed translucent door.
 10188 | Gauntlet | Found a runed translucent door.
 10188 | Gauntlet | Found a large runed translucent door.
 10189 | Gauntlet | Found a large runed translucent door.
 10196 | Gauntlet | Found a large runed translucent door.
 10196 | Gauntlet | Found a large runed translucent door.
 10197 | Gauntlet | Found a large runed translucent door.
 10197 | Gauntlet | Found a large runed translucent door.
 10198 | Gauntlet | Found a large runed translucent door.
 10198 | Gauntlet | Found a large runed translucent door.
 10199 | Gauntlet | Found a runed translucent gate.
 10199 | Gauntlet | Found a runed translucent gate.
 10199 | Gauntlet | Found a runed translucent gate.
 10201 | Gauntlet | Found a transporter.
 10201 | Gauntlet | Noticed a ghost crab
 10268 | Gauntlet | Found a transporter.
 10270 | Gauntlet | Noticed a seven-headed hydra
 10284 | Gauntlet | Found a large runed translucent door.
 10284 | Gauntlet | Found a transporter.
 10285 | Gauntlet | Found a large runed translucent door.
 10312 | Gauntlet | Found a transporter.
 10322 | Gauntlet | Found a transporter.
 10422 | Gauntlet | Reached skill level 5 in Dodging
 10431 | Gauntlet | Identified the ring "Mefiumaq" {rElec rF- rCorr Str+6}
 10466 | Gauntlet | Killed a ghost crab
 10527 | Gauntlet | Noticed a minotaur
 10536 | Gauntlet | Killed a minotaur
 10556 | Gauntlet | Identified the staff of air "Haetag" {rElec Dex+4}
 10785 | Lair:4   | Noticed a death yak
 10785 | Lair:4   | Noticed a death yak
 10786 | Lair:4   | Noticed a death yak
 10805 | Lair:4   | Noticed a death yak
 10808 | Lair:4   | Killed a death yak
 10808 | Lair:4   | Noticed a death yak
 10811 | Lair:4   | Killed a death yak
 10811 | Lair:4   | Noticed a death yak
 10817 | Lair:4   | Killed a death yak
 10820 | Lair:4   | Killed a death yak
 10821 | Lair:4   | Killed a death yak
 10826 | Lair:4   | Killed a death yak
 10941 | Lair:4   | Reached XP level 13. HP: 94/123 MP: 12/12
 11619 | D:10     | Entered Level 10 of the Dungeon
 11687 | D:10     | Found a sacrificial altar of Ru.
 12234 | D:10     | Found a broken altar of Ashenzari.
 12293 | D:11     | Identified the +2 pair of boots of Joy {Drain rPois rF+}
 12830 | D:12     | Identified the +6 scale mail of Abstinence {rElec rN+}
 13045 | D:12     | Reached ****** piety under Trog
 13114 | D:12     | Noticed Sonja
 13133 | D:12     | Killed Sonja
 13133 | D:12     | Received a gift from Trog
 13182 | D:12     | Reached skill level 10 in Shields
 13192 | D:12     | Found a staircase to the Orcish Mines.
 13305 | D:12     | Noticed Erolcha
 13311 | D:12     | Killed Erolcha
 13669 | Orc:1    | Entered Level 1 of the Orcish Mines
 13854 | Orc:2    | Entered Level 2 of the Orcish Mines
 14011 | Orc:2    | Found a staircase to the Elven Halls.
 14088 | Orc:2    | Reached skill level 15 in Fighting
 14105 | Orc:2    | Received a gift from Trog
 14163 | Orc:2    | Found a burning altar of Makhleb.
 14800 | Orc:2    | Reached XP level 14. HP: 119/135 MP: 13/13
 14900 | Orc:2    | Found Feesm's Armour Emporium.
 14900 | Orc:2    | Found Irchayva's Antique Armour Shop.
 14902 | Orc:2    | Found Paiwes's Magic Scroll Boutique.
 14904 | Orc:2    | Found Xesetog's Jewellery Shoppe.
 14911 | Orc:2    | Bought a scroll of blinking for 127 gold pieces
 14911 | Orc:2    | Bought a scroll of acquirement for 884 gold pieces
 15437 | Shoals:1 | Entered Level 1 of the Shoals
 15566 | Shoals:1 | Identified the +6 broad axe of Miomn {heavy, rN++} (Trog
                  | gifted it to you on level 1 of the Shoals)
 15566 | Shoals:1 | Received a gift from Trog
 15585 | Shoals:1 | Reached skill level 16 in Axes
 17212 | Shoals:3 | Reached skill level 15 in Armour
 17277 | Shoals:3 | Received a gift from Trog
 17330 | Shoals:3 | Noticed Ilsuiw
 17351 | Shoals:3 | Killed Ilsuiw
 17352 | Shoals:3 | Reached skill level 17 in Axes
 17894 | Shoals:3 | Reached XP level 15. HP: 86/144 MP: 14/14
 18392 | Shoals:4 | Entered Level 4 of the Shoals
 18699 | Shoals:4 | Received a gift from Trog
 18727 | Shoals:4 | Noticed a sphinx
 18733 | Shoals:4 | Reached skill level 18 in Axes
 18733 | Shoals:4 | Reached skill level 15 in Shields
 18735 | Shoals:4 | Killed a sphinx
 18836 | Shoals:4 | Identified the staff of cold "Fuusygal" {Fly rPois rC+
                  | Int+2 Dex-2}
 18928 | Shoals:4 | Noticed a sphinx
 18971 | Shoals:4 | Killed a sphinx
 19048 | Shoals:4 | Got a barnacled rune of Zot
 19085 | Shoals:4 | Received a gift from Trog
 19089 | Shoals:4 | Reached skill level 19 in Axes
 19398 | Snake:1  | Entered Level 1 of the Snake Pit
 19450 | Snake:1  | Reached XP level 16. HP: 138/155 MP: 15/15
 19798 | Snake:1  | Found Hont's Magic Scroll Emporium.
 19956 | Snake:1  | Found Goeke's Antique Armour Shop.
 19964 | Snake:1  | Bought a glowing chain mail for 247 gold pieces
 19964 | Snake:1  | Bought a pair of embroidered boots for 247 gold pieces
 20691 | Snake:2  | Reached skill level 20 in Axes
 21077 | Snake:2  | Received a gift from Trog
 21928 | Snake:4  | Entered Level 4 of the Snake Pit
 22330 | Snake:4  | Reached skill level 21 in Axes
 22362 | Snake:4  | Noticed Mara
 22391 | Snake:4  | Received a gift from Trog
 22474 | Snake:4  | Reached XP level 17. HP: 57/166 MP: 16/16
 22687 | Snake:4  | Killed Mara
 22819 | Snake:4  | Got a serpentine rune of Zot
 23099 | Lair:5   | Entered Level 5 of the Lair of Beasts
 23323 | Lair:5   | Reached skill level 22 in Axes
 23500 | Lair:5   | Received a gift from Trog
 23541 | Lair:5   | Found a staircase to the Slime Pits.
 23541 | Lair:5   | Found a viscous altar of Jiyva.
 23564 | Lair:5   | Identified the +3 arbalest of Sudur {penet, rF+ rC++ rCorr}
 24082 | Slime:1  | Entered Level 1 of the Pits of Slime
 24145 | Slime:2  | Noticed an acid blob
 24159 | Slime:2  | Killed an acid blob
 24170 | Slime:2  | Noticed an acid blob
 24174 | Slime:2  | Killed an acid blob
 24942 | Slime:3  | Noticed an acid blob
 24944 | Slime:3  | Noticed an acid blob
 24945 | Slime:3  | Killed an acid blob
 24945 | Slime:3  | Noticed an acid blob
 24954 | Slime:2  | Killed an acid blob
 24965 | Slime:2  | HP: 3/168 [azure jelly (36)]
 25088 | Slime:3  | Killed an acid blob
 25126 | Slime:3  | Received a gift from Trog
 25136 | Slime:3  | Reached skill level 23 in Axes
 25467 | Slime:2  | Gained mutation: Your flesh is cold resistant. (rC+) [a
                  | shining eye]
 25470 | Slime:2  | Gained mutation: Potions are less effective at restoring
                  | your health. [a shining eye]
 25605 | Slime:4  | Noticed an acid blob
 25614 | Slime:4  | Killed an acid blob
 25759 | Slime:4  | Noticed an acid blob
 25774 | Slime:4  | Killed an acid blob
 25775 | Slime:4  | Reached XP level 18. HP: 125/178 MP: 17/17
 26940 | Slime:5  | Entered Level 5 of the Pits of Slime
 26998 | Slime:5  | Noticed the Royal Jelly
 27390 | Slime:5  | Received a gift from Trog
 27396 | Slime:4  | HP: 3/178 [rockslime (12)]
 27397 | Slime:4  | Mangled by an azure jelly

Illustrated notes

Levels and vault maps discovered:
D:1:      psy_arrival_radial02, layout_basic
D:2:      layout_rooms
D:3:      layout_basic, elyvilon_altar_4
D:4:      layout_loops_ring, kennysheep_mini, grunt_dithmenos_smoke
D:5:      layout_cave_pools, nicolae_qazlal_scattered_showers,
          lightli_ossuary_entry_decrepit_ruins, serial_glass, glass_columns_a,
          glass_columns_a, nicolae_concentric_dashed_squares_mild
D:6:      layout_cave_pods, kennysheep_vampire_church,
          nicolae_uskayaw_en_pointe, minmay_temple_entry_sparse_star,
          gup_sewer_entry_spiral
D:7:      layout_gridville, kennysheep_mini_moat, kennysheep_okawaru_gauntlet,
          due_unseen_surprise, uniq_maggie
D:8:      layout_cave_pods, kennysheep_generic_room_10
D:9:      layout_loops_ring, mainiacjoe_overflow_catwalk,
          kennysheep_orc_sif_temple, vehumet_altar_wand_db, erik_lair_island,
          uniq_gastronok, uniq_maurice
D:10:     layout_irregular_city, mainiacjoe_overflow_swirl,
          hangedman_decor_growths
D:11:     layout_cave_pools
D:12:     layout_loops_ring, zombieorc1_lemuel, uniq_erolcha, uniq_sonja
Lair:1:   layout_roguey, hellmonk_ghost_happy_afterlife, minivault_27,
          serial_bayou_shore_b, uniq_erica
Lair:2:   layout_roguey, beast_lair_carwin_2
Lair:3:   layout_long_grid, elwin_shoals_entry_rocks, dummy_snake_entry
Lair:4:   layout_loops_ring, portal_ice_cave_entry_pillars_2,
          gauntlet_entry_generic, lemuel_fruit_fields
Lair:5:   hangedman_lair_tendril_chambers, layout_misc_corridors, slime_entry_1
Shoals:1: layout_shoals, nicolae_shoals_nymph_descending_staircase
Shoals:2: layout_shoals
Shoals:3: layout_shoals, argonaut_gorgonesque, uniq_ilsuiw
Shoals:4: shoals_end_hellmonk_lost_city
Snake:1:  layout_cave_pods, serial_shops, nicolae_shop_back_alley_shop, shop,
          grunt_ministairs_14
Snake:2:  layout_rooms, special_room, grunt_megastairs_5,
          nicolae_triple_integral
Snake:3:  layout_gridlike
Snake:4:  snake_pit, layout_rooms, uniq_mara
Slime:1:  layout_caves
Slime:2:  layout_caves
Slime:3:  layout_caves
Slime:4:  cheibrodos_slime_lost_civilization_3, layout_caves
Slime:5
Orc:1:    layout_diamond_mine
Orc:2:    st_orc_rangers, layout_diamond_mine, basic_altar,
          david_defended_altar_orc

Skill      XL: |  1  2  3  4  5  6  7  8  9 10 11 12 13 14 15 16 17 |
---------------+----------------------------------------------------+-----
Armour         | 4 7 8 11 12 14 15 16 17 19 | 19.3
Shields        | 4 5 8 11 14 15 | 15.2
Fighting       | 4 5 6 7 8 10 11 12 13 15 16 17 18 19 | 19.9
Axes           | 2 3 4 6 8 11 12 14 15 17 19 21 23 | 23.7
Dodging        | 3 6 8 |  8.0
Maces & Flails | |  2.4

Action                     |  1- 3 |  4- 6 |  7- 9 | 10-12 | 13-15 | 16-18 || total
---------------------------+-------+-------+-------+-------+-------+-------++-------
  Melee: Flail             |    76 |       |       |       |       |       ||    76
         Headbutt          |     8 |     5 |    55 |    78 |   181 |   156 ||   483
         War axe           |    13 |    45 |   271 |   357 |   476 |       ||  1162
         Dire flail        |       |       |       |     2 |     8 |       ||    10
         Broad axe         |       |       |       |       |   339 |   653 ||   992
  Throw: Boomerang         |       |       |       |       |     2 |       ||     2
         Dart              |       |       |       |       |     1 |       ||     1
 Invoke: Trog's Hand       |       |       |       |     2 |     2 |     1 ||     5
         Brothers in Arms  |       |       |       |     2 |     4 |     6 ||    12
         Berserk           |       |       |       |       |       |     2 ||     2
  Evoke: Wand              |       |       |     1 |       |       |       ||     1
    Use: Scroll            |       |       |    15 |    14 |     3 |     4 ||    36
         Potion            |       |       |       |     1 |     3 |     9 ||    13
   Stab: Sleeping          |       |       |       |       |     1 |       ||     1
         Petrified         |       |       |       |       |     2 |       ||     2
         Distracted        |       |       |       |       |       |     2 ||     2
 Armour: Scale mail        |    40 |    23 |    31 |       |   400 |   414 ||   908
         Plate armour      |       |       |    87 |   166 |    68 |       ||   321
         Chain mail        |       |       |     9 |       |       |       ||     9
  Dodge: Dodged            |    36 |    15 |    68 |    87 |   492 |   358 ||  1056
  Block: Buckler           |    21 |     7 |    56 |    73 |   202 |       ||   359
         Kite shield       |       |       |       |       |   191 |   231 ||   422
         Reflection        |       |       |       |       |    38 |    34 ||    72
         Tower shield      |       |       |       |       |       |   440 ||   440
